[Event "Titled Tuesday Blitz March 07 Late 2023"]
[White "Good, Daniel"]
[Black "Jimenez Almeida, Luis David"]
[WhiteFideId "1302388"]
[BlackFideId "22242244"]
[WhiteElo "2258"]
[BlackElo "2245"]
[Result "0-1"]
[Round "01"]
[TimeControl "180+2"]
[Date "2023.03.07"]
[WhiteClock "0:00:11"]
[BlackClock "0:01:37"]

1. c4 g6 2. Nf3 Bg7 3. g3 f5 4. Bg2 Nf6 5. O-O d6 6. Nc3 O-O 7. d4 Nc6 8. Re1 Ne4 9. Qd3 Nxc3 10. Qxc3 e5 11. dxe5 dxe5 12. Bg5 Qe8 13. e4 f4 14. gxf4 exf4 15. Qd2 Qf7 16. Bh4 h6 17. Rad1 Bg4 18. h3 Bxf3 19. Bxf3 Ne5 20. Bg4 g5 21. Kg2 gxh4 0-1


[Site "https://www.chess.com"]

[Event "Titled Tuesday Blitz March 07 Late 2023"]
[White "Yedidia, Daniel"]
[Black "Crispin Ferreras, Darvi Abraham"]
[WhiteFideId "30905907"]
[BlackFideId "6402771"]
[WhiteElo "2590"]
[BlackElo "2106"]
[Result "0-1"]
[Round "01"]
[TimeControl "180+2"]
[Date "2023.03.07"]
[WhiteClock "0:00:19"]
[BlackClock "0:01:26"]

1. Nf3 d5 2. d4 Nf6 3. c4 e6 4. Bg5 Be7 5. e3 O-O 6. Nc3 Nbd7 7. cxd5 exd5 8. Bd3 c6 9. O-O Re8 10. h3 h6 11. Bh4 Nf8 12. Ne5 Qc7 13. Rc1 Be6 14. Bg3 Qb6 15. Na4 Qd8 16. Qb3 Qc8 17. Nc5 Bxc5 18. Rxc5 N8d7 19. Rc2 Nxe5 20. Bxe5 Ne4 21. f3 f6 22. Bh2 Ng5 23. Re2 Bf7 24. Qc2 Qd7 25. Bf5 Be6 26. Bg6 Bf7 27. h4 Bxg6 28. Qxg6 Qf7 29. Qxf7+ Nxf7 30. Kf2 f5 31. h5 Re6 32. Bf4 Nd6 33. Rg1 Kf7 34. Ke1 Rg8 35. Kd2 Nc4+ 36. Kd3 a5 37. b3 Nb6 38. g4 fxg4 39. Rxg4 a4 40. Reg2 axb3 41. axb3 Nc8 42. Be5 g6 43. f4 Ne7 44. hxg6+ Rexg6 45. Rxg6 Rxg6 46. Rh2 Nf5 47. Rh5 Ke6 48. Rh3 Rg3 49. Rxg3 Nxg3 50. Kd2 Kf5 51. Ke1 h5 52. Kf2 Ne4+ 53. Kf3 Nd2+ 54. Kg3 Nxb3 55. Kh4 Nd2 56. Kxh5 b5 57. Bd6 Nc4 58. Bb4 Nxe3 59. Kh6 Kxf4 60. Kg6 Ke4 61. Bc5 Nc2 62. Kf6 Nxd4 63. Ke7 Kd3 64. Kd6 Kc4 0-1


[Site "https://www.chess.com"]

[Event "Titled Tuesday Blitz March 07 Late 2023"]
[White "De Souza, Cristiano Gomes"]
[Black "Hollan, Martin"]
[WhiteFideId "2151758"]
[BlackFideId "360937"]
[WhiteElo "2068"]
[BlackElo "2370"]
[Result "1-0"]
[Round "01"]
[TimeControl "180+2"]
[Date "2023.03.07"]
[WhiteClock "0:00:11"]
[BlackClock "0:00:02"]

1. d4 Nf6 2. c4 e6 3. Nf3 d5 4. Nc3 Bb4 5. Bg5 h6 6. Bxf6 Qxf6 7. Rc1 c6 8. e3 O-O 9. Ne5 Nd7 10. Nxd7 Bxd7 11. Be2 e5 12. dxe5 Qxe5 13. O-O Be6 14. cxd5 cxd5 15. Bf3 Rfd8 16. Qd3 Rac8 17. Rfd1 Bxc3 18. Rxc3 Rxc3 19. bxc3 Rc8 20. Rc1 Rc4 21. h3 g6 22. Qd2 Kg7 23. Rc2 h5 24. Rb2 b6 25. Rb3 h4 26. Ra3 a5 27. Rb3 a4 28. Rxb6 Rxc3 29. Rb5 Qc7 30. Qd4+ f6 31. Rb1 Rc4 32. Qd1 Rc3 33. Bxd5 Bf5 34. Rb7 Qxb7 35. Bxb7 a3 36. Bd5 Rd3 37. Qf3 Rd2 38. g4 hxg3 39. fxg3 Bd3 40. Bb3 f5 41. Qb7+ Kh6 42. Qb8 1-0


[Site "https://www.chess.com"]

[Event "Titled Tuesday Blitz March 07 Late 2023"]
[White "Petukhov, Dmitry"]
[Black "Kohler, Aran"]
[WhiteFideId "4142748"]
[BlackFideId "1002856"]
[WhiteElo "2311"]
[BlackElo "2252"]
[Result "1-0"]
[Round "01"]
[TimeControl "180+2"]
[Date "2023.03.07"]
[WhiteClock "0:00:56"]
[BlackClock "0:00:20"]

1. e4 c6 2. d4 d5 3. Nd2 dxe4 4. Nxe4 Bf5 5. Ng3 Bg6 6. Nf3 Nd7 7. h4 h6 8. h5 Bh7 9. Bd3 Ngf6 10. Bxh7 Nxh7 11. Bd2 e6 12. Qe2 Be7 13. O-O-O Ng5 14. Kb1 Nxf3 15. Qxf3 O-O 16. Ne4 Nf6 17. g4 Nxe4 18. Qxe4 Qd5 19. Qxd5 cxd5 20. Bf4 Rac8 21. c3 b5 22. a3 a5 23. Be3 Rc6 24. f4 Rb8 25. g5 hxg5 26. fxg5 b4 27. cxb4 axb4 28. a4 b3 29. Rc1 Ra6 30. Rc7 Bd6 31. Rd7 Rxa4 32. Rg1 Rba8 33. Kc1 Ra1+ 34. Kd2 Rxg1 35. Bxg1 Bb4+ 36. Kd3 Rb8 37. g6 fxg6 38. hxg6 Be1 39. Bh2 Bh4 40. Bxb8 Bf6 41. Be5 1-0


[Site "https://www.chess.com"]

[Event "Titled Tuesday Blitz March 07 Late 2023"]
[White "Kukavica, Tony"]
[Black "Shapiro, Viktor"]
[WhiteFideId "2062542"]
[BlackFideId "4175700"]
[WhiteElo "1993"]
[BlackElo "2152"]
[Result "1-0"]
[Round "01"]
[TimeControl "180+2"]
[Date "2023.03.07"]
[WhiteClock "0:00:38"]
[BlackClock "0:00:01"]

1. d4 Nf6 2. c4 c5 3. d5 e6 4. Nc3 exd5 5. cxd5 d6 6. e4 g6 7. h3 Bg7 8. Nf3 O-O 9. Bd3 a6 10. a4 Re8 11. O-O Nbd7 12. Bf4 Qc7 13. Nd2 Nh5 14. Bh2 Ne5 15. Nc4 Nxc4 16. Bxc4 Rb8 17. f4 Bd7 18. Be2 Bd4+ 19. Kh1 Nf6 20. Bf3 b5 21. axb5 axb5 22. Qc2 c4 23. Rad1 Bc5 24. e5 b4 25. Ne4 Nxe4 26. Bxe4 c3 27. bxc3 b3 28. Qb2 Bb5 29. Bd3 Bxd3 30. Rxd3 Qa7 31. Ra1 Qxa1+ 32. Qxa1 b2 33. Qb1 Rb3 34. Rd2 Reb8 35. Bg1 Bxg1 36. Kxg1 Kf8 37. c4 Ke8 38. exd6 Kd7 39. c5 1-0


[Site "https://www.chess.com"]

[Event "Titled Tuesday Blitz March 07 Late 2023"]
[White "Musovic, Armin"]
[Black "Battlecruiser_Operational"]
[WhiteFideId "939935"]
[WhiteElo "2321"]
[BlackElo "2247"]
[Result "1/2-1/2"]
[Round "01"]
[TimeControl "180+2"]
[Date "2023.03.07"]
[WhiteClock "0:02:00"]
[BlackClock "0:00:13"]

1. a3 d5 2. Nc3 d4 3. Ne4 Nf6 4. Ng3 h5 5. e4 h4 6. N3e2 Nxe4 7. d3 Nf6 8. h3 c5 9. Nf3 Nc6 10. Bg5 e5 11. Bxh4 Be7 12. Ng3 Be6 13. Be2 Nd5 14. Bxe7 Qxe7 15. Kf1 f5 16. Qd2 O-O-O 17. Qg5 Qf7 18. h4 Rh6 19. h5 Rdh8 20. Nh4 Nce7 21. Re1 Nf4 22. Bd1 Qf6 23. Qxf6 gxf6 24. Kg1 c4 25. Be2 c3 26. b3 b5 27. Bd1 a5 28. Bf3 Kd7 29. Rh2 R6h7 30. Rb1 Kd6 31. Re1 Kd7 32. Bd1 Kd6 33. Bf3 Kd7 1/2-1/2


[Site "https://www.chess.com"]

[Event "Titled Tuesday Blitz March 07 Late 2023"]
[White "Skaric, Djuro"]
[Black "Filgueira, Hernan"]
[WhiteFideId "934569"]
[BlackFideId "101770"]
[WhiteElo "2282"]
[BlackElo "2363"]
[Result "1-0"]
[Round "01"]
[TimeControl "180+2"]
[Date "2023.03.07"]
[WhiteClock "0:01:38"]
[BlackClock "0:00:22"]

1. g3 e5 2. Bg2 Nf6 3. d3 d5 4. Nf3 Nc6 5. O-O Be7 6. h3 O-O 7. Nc3 h6 8. e4 d4 9. Ne2 Ne8 10. Ne1 Nd6 11. f4 f5 12. exf5 Bxf5 13. g4 Bh7 14. f5 Bg5 15. Ng3 Bxc1 16. Rxc1 Qd7 17. Ne4 Nxe4 18. dxe4 Qe7 19. a3 Nd8 20. Nd3 Nf7 21. Qf3 Qf6 22. Qg3 b6 23. Rf2 c5 24. b3 a5 25. a4 Rac8 26. Nb2 Qg5 27. Re1 Rc6 28. Bf1 Qf6 29. Nc4 Kh8 30. Bd3 Re8 31. Rg2 g5 32. fxg6 Bxg6 33. Rf1 Qg7 34. Rgf2 Re7 35. h4 h5 36. g5 Nd6 37. Rf6 Nxc4 38. Rxc6 Ne3 39. Rff6 Bf7 40. Rc8+ Re8 41. Rxe8+ Bxe8 42. Qxe5 Bg6 43. Rf8+ Kh7 44. Qxg7+ Kxg7 45. Rb8 Ng4 46. Rxb6 Ne5 47. Rb5 Nf3+ 48. Kf2 Nxh4 49. Rxc5 Bf7 50. Rxa5 Ng6 51. Ra7 Kf8 52. Rb7 h4 53. a5 h3 54. Kg3 Be6 55. a6 1-0


[Site "https://www.chess.com"]

[Event "Titled Tuesday Blitz March 07 Late 2023"]
[White "Ozates, Tuna"]
[Black "Fajdetic, Hrvoje"]
[WhiteFideId "6354521"]
[BlackFideId "14501945"]
[WhiteElo "2151"]
[BlackElo "2185"]
[Result "1/2-1/2"]
[Round "01"]
[TimeControl "180+2"]
[Date "2023.03.07"]
[WhiteClock "0:00:02"]
[BlackClock "0:00:02"]

1. d4 e6 2. c4 f5 3. g3 Nf6 4. Bg2 Be7 5. Nh3 O-O 6. O-O d6 7. Nf4 e5 8. dxe5 dxe5 9. Nd5 Nxd5 10. cxd5 Bd6 11. Nc3 a6 12. a4 Nd7 13. a5 Nf6 14. Qb3 Qe8 15. Qc4 Qh5 16. f3 Bd7 17. Be3 Qf7 18. Bc5 Rac8 19. e4 fxe4 20. fxe4 Qh5 21. Qb4 Ng4 22. h3 Ne3 23. Bxd6 cxd6 24. Qxd6 Nxf1 25. Qxd7 Nxg3 26. d6 Ne2+ 27. Kh1 Nf4 28. Nd5 Rcd8 29. Nxf4 exf4 30. Qe6+ Kh8 31. d7 f3 32. Bf1 Qg5 33. Rd1 h6 34. e5 f2 35. Bg2 Qf4 36. Qd5 Qf5 37. Qd6 Qf4 38. Qd5 Qf5 39. Qd4 Qf4 40. Qc3 Qf5 41. Qe3 Qe6 42. Rd6 Qf5 43. Rd1 Qe6 44. Bf1 Qg6 45. Bg2 Qe6 1/2-1/2


[Site "https://www.chess.com"]

[Event "Titled Tuesday Blitz March 07 Late 2023"]
[White "Awoki, Daniel Teidi"]
[Black "Kanakaris, Georgios"]
[WhiteFideId "2100827"]
[BlackFideId "4209460"]
[WhiteElo "2087"]
[BlackElo "2291"]
[Result "0-1"]
[Round "01"]
[TimeControl "180+2"]
[Date "2023.03.07"]
[WhiteClock "0:00:23"]
[BlackClock "0:00:47"]

1. e4 e6 2. d4 d5 3. Nd2 c5 4. exd5 exd5 5. Ngf3 Nc6 6. Bb5 cxd4 7. O-O Bd6 8. Nb3 Ne7 9. Nbxd4 O-O 10. c3 Bg4 11. Be2 Re8 12. Be3 Qd7 13. h3 Bh5 14. Qd2 Rad8 15. Rfe1 Bb8 16. Rad1 Bg6 17. Bf4 Bxf4 18. Qxf4 Be4 19. Ng5 Ng6 20. Qd2 h6 21. Nxe4 dxe4 22. Nxc6 Qxd2 23. Rxd2 Rxd2 24. Nxa7 Ra8 25. Nb5 Rxa2 26. Bc4 Raxb2 27. Rxe4 Rxf2 28. Re8+ Kh7 29. Nd6 Rxg2+ 30. Kh1 Nf4 0-1


[Site "https://www.chess.com"]

[Event "Titled Tuesday Blitz March 07 Late 2023"]
[White "Paszewski, Mateusz"]
[Black "Floresvillar Gonzalez, Luis Migu"]
[WhiteFideId "1141058"]
[BlackFideId "5100542"]
[WhiteElo "2223"]
[BlackElo "2040"]
[Result "1-0"]
[Round "01"]
[TimeControl "180+2"]
[Date "2023.03.07"]
[WhiteClock "0:02:22"]
[BlackClock "0:01:34"]

1. d4 d5 2. c4 c6 3. cxd5 cxd5 4. Bf4 Nc6 5. e3 Nf6 6. Nc3 e6 7. Bd3 Bd6 8. Bxd6 Qxd6 9. f4 O-O 10. Nf3 a6 11. Ne5 b5 12. O-O b4 13. Na4 a5 14. Nc5 Nd7 15. Rf3 Nxc5 16. Bxh7+ Kxh7 17. Rh3+ Kg8 18. Qh5 Nxe5 19. Qh8# 1-0


[Site "https://www.chess.com"]

[Event "Titled Tuesday Blitz March 07 Late 2023"]
[White "Torres Dominguez, David"]
[Black "Danielian, Vardan"]
[WhiteFideId "2220857"]
[BlackFideId "13301594"]
[WhiteElo "1999"]
[BlackElo "2573"]
[Result "1-0"]
[Round "01"]
[TimeControl "180+2"]
[Date "2023.03.07"]
[WhiteClock "0:00:13"]
[BlackClock "0:00:20"]

1. e4 c5 2. Nc3 d6 3. Bb5+ Bd7 4. Bxd7+ Nxd7 5. d3 g6 6. f4 Bg7 7. Nf3 Ngf6 8. O-O O-O 9. Qe1 e6 10. Qh4 Ne8 11. Qh3 Qe7 12. f5 Ne5 13. Bh6 Nxf3+ 14. Rxf3 Bxh6 15. Qxh6 Qf6 16. fxe6 Qxe6 17. Nd5 f6 18. Raf1 Qe5 19. c3 Rf7 20. Qh4 Rd8 21. Nxf6+ Nxf6 22. Rxf6 Rxf6 23. Rxf6 Re8 24. Qf2 b6 25. h3 d5 26. exd5 Qxd5 27. a3 Qxd3 28. Rf7 Qd1+ 29. Kh2 Qd6+ 30. Kg1 Re1+ 31. Qxe1 Kxf7 32. Qe2 h5 33. Kf1 Qf4+ 34. Qf2 Qxf2+ 35. Kxf2 Kf6 36. h4 Kf5 37. Kf3 c4 38. a4 a6 39. g3 g5 40. hxg5 Kxg5 41. Kf2 Kf5 42. Kf3 Ke5 43. Ke3 Kf5 44. Kf3 Kg5 45. Kf2 Kg4 46. Kg2 a5 47. Kf2 Kh3 48. Kf3 Kh2 49. g4 hxg4+ 50. Kxg4 Kg2 51. Kf4 Kf2 52. Ke4 Ke2 53. Kd4 Kd2 54. Kxc4 Kc2 55. Kb5 Kxb2 56. Kxb6 Kxc3 57. Kxa5 Kc4 58. Kb6 Kb4 59. a5 Kc4 60. a6 1-0


[Site "https://www.chess.com"]

[Event "Titled Tuesday Blitz March 07 Late 2023"]
[White "Czernek, Tymon"]
[Black "olga-belka"]
[WhiteFideId "1199510"]
[WhiteElo "2156"]
[BlackElo "2233"]
[Result "1-0"]
[Round "01"]
[TimeControl "180+2"]
[Date "2023.03.07"]
[WhiteClock "0:01:09"]
[BlackClock "0:00:04"]

1. e4 c5 2. Nf3 d6 3. d4 cxd4 4. Nxd4 Nf6 5. Nc3 a6 6. Be3 e5 7. Nb3 Be7 8. h3 Be6 9. f4 exf4 10. Bxf4 Nc6 11. Qe2 Ne5 12. O-O-O Qc7 13. g4 O-O 14. Nd4 b5 15. g5 Nfd7 16. Nf5 Nc5 17. Kb1 Rfc8 18. h4 b4 19. Nd5 Bxd5 20. exd5 Bf8 21. Bh3 Re8 22. Qg2 a5 23. Rhf1 a4 24. Nh6+ gxh6 25. gxh6+ Kh8 26. Rg1 Ng6 27. h5 b3 28. hxg6 fxg6 29. Bg5 a3 30. cxb3 Kg8 31. b4 Na4 32. Be6+ Rxe6 33. dxe6 axb2 34. Bf6 Bxh6 35. Qxa8+ 1-0


[Site "https://www.chess.com"]

[Event "Titled Tuesday Blitz March 07 Late 2023"]
[White "Dylag, Emilia"]
[Black "Ismagilov, Damir"]
[WhiteFideId "21805172"]
[BlackFideId "34199982"]
[WhiteElo "1878"]
[BlackElo "2078"]
[Result "0-1"]
[Round "01"]
[TimeControl "180+2"]
[Date "2023.03.07"]
[WhiteClock "0:00:03"]
[BlackClock "0:00:10"]

1. d4 f5 2. c4 Nf6 3. Nc3 d6 4. Bg5 Nbd7 5. Qc2 g6 6. e3 Bg7 7. h4 O-O 8. Nh3 e5 9. O-O-O c6 10. h5 Qc7 11. hxg6 hxg6 12. f3 Nh5 13. g4 Ng3 14. Bd3 Nxh1 15. Rxh1 exd4 16. exd4 Nf6 17. gxf5 Bxf5 18. Bxf5 gxf5 19. Qxf5 Qd7 20. Qd3 d5 21. Nf4 dxc4 22. Qxc4+ Qf7 23. Qd3 Rfe8 24. Rg1 Kf8 25. Ng6+ Kg8 26. Ne5 Rxe5 27. dxe5 Nh5 28. Ne4 Qd5 29. Qxd5+ cxd5 30. Nf6+ Bxf6 31. Bxf6+ Kf7 32. Bg5 Rg8 33. f4 Nxf4 34. Rf1 Rxg5 35. Rxf4+ Ke6 36. Rb4 Rg7 37. Rxb7 Rxb7 0-1


[Site "https://www.chess.com"]

[Event "Titled Tuesday Blitz March 07 Late 2023"]
[White "Janaszak, Dawid"]
[Black "Rose, Felix"]
[WhiteFideId "1119206"]
[BlackFideId "5105722"]
[WhiteElo "2220"]
[BlackElo "2039"]
[Result "0-1"]
[Round "01"]
[TimeControl "180+2"]
[Date "2023.03.07"]
[WhiteClock "0:01:12"]
[BlackClock "0:00:09"]

1. e4 c5 2. Nc3 Nc6 3. Bb5 Nd4 4. Nf3 e6 5. O-O a6 6. Bd3 Nc6 7. b3 b5 8. Bb2 Bb7 9. Re1 d6 10. Bf1 Nf6 11. d4 cxd4 12. Nxd4 Be7 13. a4 b4 14. Na2 Nxd4 15. Qxd4 Rc8 16. Nxb4 a5 17. Bb5+ Kf8 18. Nd3 Rxc2 19. Rac1 e5 20. Qa7 Rxc1 21. Rxc1 Bxe4 22. Rc7 g6 23. Bc1 h5 24. f3 Bxd3 25. Bxd3 Nd5 26. Rb7 Kg7 27. Bc4 Bg5 28. Rxf7+ Kh6 29. Rd7 Qf6 30. Bxd5 Bxc1 31. g3 Qg5 32. Kg2 Qd2+ 33. Kh3 Qxd5 34. Qf2 Qe6+ 35. Kg2 Qxd7 36. Qc2 Bg5 37. h4 Bf6 38. Qd2+ Kg7 39. Qd5 Rc8 40. g4 hxg4 41. h5 Qc6 42. h6+ Kxh6 43. Qf7 Qxf3+ 44. Kh2 Rc2+ 0-1


[Site "https://www.chess.com"]

[Event "Titled Tuesday Blitz March 07 Late 2023"]
[White "Rodriguez Santiago, Jaime"]
[Black "Gubajdullin, Alexei"]
[WhiteFideId "3100898"]
[BlackFideId "4141202"]
[WhiteElo "2025"]
[BlackElo "2267"]
[Result "0-1"]
[Round "01"]
[TimeControl "180+2"]
[Date "2023.03.07"]
[WhiteClock "0:01:31"]
[BlackClock "0:01:52"]

1. c4 Nf6 2. Nc3 g6 3. g3 Bg7 4. Bg2 O-O 5. e4 d6 6. Nge2 Nc6 7. O-O e5 8. d3 Nd7 9. h3 Nc5 10. Be3 Ne6 11. Kh2 Ned4 12. f4 Nxe2 13. Nxe2 exf4 14. gxf4 Bxb2 15. d4 Bxa1 16. Qxa1 f6 17. e5 fxe5 18. dxe5 Be6 19. c5 dxe5 20. Qb2 Qd3 21. Rf3 Bd5 22. Rg3 Bxg2 23. Kxg2 Qd5+ 24. Kh2 Nd4 25. Nxd4 exd4 26. Bxd4 Rxf4 27. Bh8 Rf7 28. Be5 Raf8 29. h4 Rf2+ 0-1


[Site "https://www.chess.com"]

[Event "Titled Tuesday Blitz March 07 Late 2023"]
[White "Arngrimsson, Dagur"]
[Black "Comas Fabrego, Lluis"]
[WhiteFideId "2301288"]
[BlackFideId "2200325"]
[WhiteElo "2285"]
[BlackElo "2523"]
[Result "1-0"]
[Round "01"]
[TimeControl "180+2"]
[Date "2023.03.07"]
[WhiteClock "0:00:14"]
[BlackClock "0:00:08"]

1. e4 c5 2. Nf3 d6 3. c3 Nf6 4. d3 g6 5. g3 Bg7 6. Bg2 O-O 7. O-O Nc6 8. a4 Rb8 9. h3 a6 10. Re1 b5 11. axb5 axb5 12. d4 b4 13. Kh2 bxc3 14. bxc3 cxd4 15. cxd4 Nd7 16. Nc3 Bb7 17. Be3 Nb6 18. Qe2 e5 19. d5 Nd4 20. Qd3 Nxf3+ 21. Bxf3 Nd7 22. Nb5 Qe7 23. Qa3 Bxd5 24. Nxd6 Be6 25. Rec1 Rfd8 26. Rc7 Bf8 27. Bc5 Qf6 28. Bb4 Rxb4 29. Qxb4 Qxf3 30. Rc2 Nf6 31. Rd2 Qh5 32. h4 Qf3 33. Ra3 1-0


[Site "https://www.chess.com"]

[Event "Titled Tuesday Blitz March 07 Late 2023"]
[White "Lopez Perdomo, Juan David"]
[Black "Chor, Kevin"]
[WhiteFideId "4405137"]
[BlackFideId "2090740"]
[WhiteElo "1965"]
[BlackElo "2553"]
[Result "0-1"]
[Round "01"]
[TimeControl "180+2"]
[Date "2023.03.07"]
[WhiteClock "0:01:07"]
[BlackClock "0:00:55"]

1. e4 c5 2. d4 cxd4 3. c3 g6 4. cxd4 d5 5. exd5 Nf6 6. Nf3 Nxd5 7. Nc3 Nxc3 8. bxc3 Bg7 9. Be2 Qc7 10. O-O Qxc3 11. Bg5 O-O 12. Bxe7 Re8 13. Re1 Nc6 14. Rc1 Qa5 15. Rc5 Qb6 16. Bh4 Nxd4 17. Bc4 Nxf3+ 18. gxf3 Rxe1+ 19. Qxe1 Qxc5 20. Qe8+ Qf8 21. Bxf7+ Kh8 0-1


[Site "https://www.chess.com"]

[Event "Titled Tuesday Blitz March 07 Late 2023"]
[White "Klose, Eli"]
[Black "Antonova, Nadezhda"]
[WhiteFideId "16242955"]
[BlackFideId "14700182"]
[WhiteElo "2552"]
[BlackElo "1885"]
[Result "1-0"]
[Round "01"]
[TimeControl "180+2"]
[Date "2023.03.07"]
[WhiteClock "0:00:21"]
[BlackClock "0:00:01"]

1. e4 c6 2. Nc3 d5 3. g3 d4 4. Nce2 e5 5. d3 Nf6 6. Bg2 Be7 7. h3 O-O 8. f4 Nbd7 9. Nf3 Bd6 10. O-O Re8 11. g4 c5 12. Qe1 exf4 13. Bxf4 Bxf4 14. Nxf4 Ne5 15. Qg3 Nxf3+ 16. Rxf3 Nd7 17. Nd5 Ne5 18. Rf2 Bd7 19. Raf1 Bc6 20. Nf4 Rc8 21. Nh5 Rc7 22. b3 b5 23. Rf5 Rce7 24. g5 Kh8 25. Nf6 Nd7 26. Nxe8 Qxe8 27. Qd6 Ba8 28. Qc7 a6 29. h4 g6 30. R5f2 Kg7 31. Bh3 Ne5 32. Qxc5 Qd8 33. Rf6 h6 34. Rd6 Qe8 35. Qxd4 hxg5 36. hxg5 Qh8 37. Bg2 Qh4 38. Qe3 Ng4 39. Qf4 Bb7 40. Rf6 1-0


[Site "https://www.chess.com"]

[Event "Titled Tuesday Blitz March 07 Late 2023"]
[White "Hartikainen, Jarmo"]
[Black "Marra, Eduardo da Costa"]
[WhiteFideId "503134"]
[BlackFideId "2106990"]
[WhiteElo "2195"]
[BlackElo "2252"]
[Result "0-1"]
[Round "01"]
[TimeControl "180+2"]
[Date "2023.03.07"]
[WhiteClock "0:00:13"]
[BlackClock "0:01:32"]

1. e4 d6 2. d4 Nf6 3. Nc3 Nbd7 4. Nf3 e5 5. dxe5 dxe5 6. Bc4 h6 7. O-O Bc5 8. h3 O-O 9. Qe2 c6 10. Be3 Qe7 11. a3 b5 12. Ba2 a5 13. Rfd1 Ba6 14. Bxc5 Nxc5 15. b4 Ne6 16. Rab1 axb4 17. axb4 Nf4 18. Qe3 Bc8 19. Bb3 Bxh3 20. gxh3 Nxh3+ 21. Kf1 Ng4 22. Qe2 Qf6 23. Ra1 Nhxf2 24. Rxa8 Rxa8 25. Rd2 Ra1+ 26. Nd1 Nxd1 27. Rxd1 Rxd1+ 0-1


[Site "https://www.chess.com"]

[Event "Titled Tuesday Blitz March 07 Late 2023"]
[White "Martinez Reyes, Pedro Ramon"]
[Black "Gamage, Wanshini Vidusama"]
[WhiteFideId "3901807"]
[BlackFideId "9953752"]
[WhiteElo "2340"]
[BlackElo "2180"]
[Result "1-0"]
[Round "01"]
[TimeControl "180+2"]
[Date "2023.03.07"]
[WhiteClock "0:00:54"]
[BlackClock "0:00:23"]

1. Nf3 Nf6 2. b3 g6 3. Bb2 Bg7 4. c4 O-O 5. e3 c5 6. Nc3 d5 7. cxd5 Nxd5 8. a3 Nxc3 9. Bxc3 Bxc3 10. dxc3 Nc6 11. Be2 Be6 12. Qc2 Qb6 13. c4 Na5 14. Rb1 Nc6 15. O-O Rad8 16. Bd3 Rd6 17. Be4 Rfd8 18. Rfd1 Rxd1+ 19. Rxd1 Rxd1+ 20. Qxd1 Na5 21. Ng5 Nxb3 22. Nxe6 fxe6 23. Qd7 Qd6 24. Qe8+ Kg7 25. h4 Nd2 26. Bxb7 Nxc4 27. g4 Qd1+ 28. Kh2 Qxg4 29. Qxe7+ Kh6 30. Qf8+ Kh5 31. Bf3 1-0


[Site "https://www.chess.com"]

[Event "Titled Tuesday Blitz March 07 Late 2023"]
[White "Kho, Darrell"]
[Black "Krallis, Christos"]
[WhiteFideId "1019317"]
[BlackFideId "4298896"]
[WhiteElo "2176"]
[BlackElo "2243"]
[Result "0-1"]
[Round "01"]
[TimeControl "180+2"]
[Date "2023.03.07"]
[WhiteClock "0:00:18"]
[BlackClock "0:02:02"]

1. e4 Nf6 2. e5 Nd5 3. d4 d6 4. c4 Nb6 5. exd6 exd6 6. Nf3 Be7 7. Bd3 O-O 8. O-O Nc6 9. Nc3 Bg4 10. Be3 Bf6 11. h3 Bh5 12. Bb1 Bg6 13. b3 d5 14. c5 Nc8 15. Bxg6 hxg6 16. Qd2 N8e7 17. Rab1 Nf5 18. b4 Re8 19. b5 Na5 20. Bg5 Nc4 21. Bxf6 Nxd2 0-1


[Site "https://www.chess.com"]

[Event "Titled Tuesday Blitz March 07 Late 2023"]
[White "Taboas Rodriguez, Daniel"]
[Black "Cueto, Jonny"]
[WhiteFideId "2208466"]
[BlackFideId "3300145"]
[WhiteElo "2365"]
[BlackElo "2234"]
[Result "1-0"]
[Round "01"]
[TimeControl "180+2"]
[Date "2023.03.07"]
[WhiteClock "0:00:48"]
[BlackClock "0:00:02"]

1. d4 e6 2. Nf3 Nf6 3. c4 b6 4. Nc3 Bb7 5. Bg5 Bb4 6. Nd2 h6 7. Bh4 g5 8. Bg3 d6 9. h4 g4 10. e3 h5 11. Bf4 Bxc3 12. bxc3 Ne4 13. Nxe4 Bxe4 14. f3 gxf3 15. gxf3 Bb7 16. Bd3 Nd7 17. Bg5 Qc8 18. Qe2 c5 19. O-O-O Qc6 20. Be4 d5 21. cxd5 exd5 22. Bf5 f6 23. Bg6+ Kd8 24. Bf4 a5 25. Kb2 a4 26. Ka1 Ba6 27. Bd3 c4 28. Bf5 b5 29. Rb1 a3 30. Rhg1 Bc8 31. e4 Nb6 32. e5 Bxf5 33. exf6 Qe6 34. Qxe6 Bxe6 35. Rxb5 Na4 36. Rg7 Rg8 37. f7 Bxf7 38. Rxf7 Nxc3 39. Bg5+ Ke8 40. Re7+ Kf8 41. Rbb7 Rxg5 42. hxg5 h4 43. Rh7 Ra4 44. Rh8# 1-0


[Site "https://www.chess.com"]

[Event "Titled Tuesday Blitz March 07 Late 2023"]
[White "Ardila, Oscar Humberto"]
[Black "Maiti, Milind"]
[WhiteFideId "4404742"]
[BlackFideId "2090767"]
[WhiteElo "1911"]
[BlackElo "2150"]
[Result "0-1"]
[Round "01"]
[TimeControl "180+2"]
[Date "2023.03.07"]
[WhiteClock "0:00:06"]
[BlackClock "0:00:20"]

1. d4 Nf6 2. Nf3 d5 3. g3 e6 4. Bg2 Be7 5. O-O O-O 6. Nbd2 c5 7. c3 b6 8. Ne5 Bb7 9. Ndf3 Nc6 10. Bf4 Nd7 11. Rc1 Ndxe5 12. Nxe5 Nxe5 13. Bxe5 Qd7 14. Qd2 b5 15. dxc5 Bxc5 16. Bd4 Be7 17. f4 a6 18. f5 exf5 19. Qf4 g6 20. Qh6 f6 21. Rcd1 Rac8 22. h4 Bc5 23. h5 Qg7 24. Qf4 Rfe8 25. e3 Bf8 26. Rf2 Rcd8 27. hxg6 hxg6 28. Qh4 Re6 29. Bf3 Bd6 30. Kg2 Qh7 31. Rh1 Qxh4 32. Rxh4 Be5 33. Bd1 Bxd4 34. exd4 Kg7 35. Bb3 Rh8 36. Rxh8 Kxh8 37. Kf3 Kg7 38. Rh2 Re7 39. Rf2 g5 40. Rh2 Kg6 41. Rh8 a5 42. a4 bxa4 43. Bxa4 Ba6 44. Be8+ Kg7 45. Rh2 Rxe8 46. Rh1 Bd3 47. Ra1 Be4+ 48. Kf2 Rb8 49. Rxa5 Rxb2+ 50. Ke3 Rc2 51. Ra7+ Kg6 52. Rc7 Rg2 53. c4 Rxg3+ 54. Kf2 Rc3 55. Ke2 g4 56. c5 g3 57. Rc8 g2 58. Rg8+ Kf7 59. Rg3 Rxg3 0-1


[Site "https://www.chess.com"]

[Event "Titled Tuesday Blitz March 07 Late 2023"]
[White "Bongo Akanga Ndjila, Barthelemy"]
[Black "Krishnan, Varun"]
[WhiteFideId "10609431"]
[BlackFideId "5054508"]
[WhiteElo "1768"]
[BlackElo "2542"]
[Result "0-1"]
[Round "01"]
[TimeControl "180+2"]
[Date "2023.03.07"]
[WhiteClock "0:00:42"]
[BlackClock "0:00:07"]

1. d4 Nf6 2. c4 e6 3. Nf3 Bb4+ 4. Bd2 a5 5. a3 Bxd2+ 6. Qxd2 b6 7. g4 Bb7 8. g5 Ne4 9. Qf4 O-O 10. Nbd2 Nxd2 11. Qxd2 Bxf3 12. exf3 d5 13. O-O-O a4 14. cxd5 Qxd5 15. Kb1 Nc6 16. h4 Rfd8 17. h5 Nxd4 18. Qf4 Qxf3 19. Qxf3 Nxf3 20. Bg2 Nxg5 21. Bxa8 Rxa8 22. Rd7 Rc8 23. h6 gxh6 24. Rxh6 Kg7 25. Rh4 h6 26. f4 Ne4 27. f5 exf5 28. Rd5 Kg6 29. Rf4 Nd6 30. Rxa4 Kg5 31. Ra7 h5 32. Rd1 h4 33. Rg1+ Kf4 34. Rc1 h3 35. Ra4+ Ne4 36. Rh1 Rh8 37. Rc4 Kg3 38. Rc2 h2 39. Rxc7 Nf2 40. Rc3+ Kg2 41. Rhc1 h1=Q 42. Rxh1 Rxh1+ 43. Ka2 f4 44. Rc7 f3 45. Rxf7 Ne4 46. Rg7+ Ng3 47. Rg6 f2 48. Rxb6 f1=Q 49. Rb3 Qc4 50. a4 Qxa4+ 51. Ra3 Qc4+ 52. b3 0-1


[Site "https://www.chess.com"]